 Dungeon Crawl Stone Soup version 0.31.0-9-g3a7656b989 (webtiles) character file.

Game seed: 9275893616231270741

796 qw the Skirmisher (level 7, -7/40 HPs)
             Began as a Deep Elf Hunter on Feb 2, 2024.
             Was a Believer of Okawaru.
             Mangled by an ogre
             ... wielding a +0 giant club
              (24 damage)
             ... on level 5 of the Dungeon.
             The game lasted 00:00:14 (4266 turns).

qw the Skirmisher (Deep Elf Hunter)                 Turns: 4266, Time: 00:00:14

Health: -7/40      AC:  8    Str: 10    XL:     7   Next: 58%
Magic:  11/11      EV: 11    Int: 14    God:    Okawaru [**....]
Gold:   177        SH:  0    Dex: 18    Spells: 6/6 levels left

rFire   . . .        g - +0 orcbow (heavy)
rCold   . . .        (shield currently unavailable)
rNeg    . . .        d - +0 ring mail
rPois   .            (no helmet)
rElec   .            (no cloak)
rCorr   .            i - +2 pair of gloves
SInv    .            (no boots)
Will    .....        (no amulet)
Stlth   +            (no ring)
HPRegen 0.26/turn    (no ring)
MPRegen 0.12/turn

%: no passive effects
@: no status effects
A: no striking features
a: Renounce Religion, Heroism


You were on level 5 of the Dungeon.
You worshipped Okawaru.
Okawaru was pleased with you.
You visited 1 branch of the dungeon, and saw 5 of its levels.

You collected 177 gold pieces.


   Skills:
 - Level 2.5 Fighting
 + Level 10.5 Ranged Weapons
 - Level 1.1 Armour
 - Level 3.0 Dodging
 - Level 1.2 Stealth
 + Level 3.6 Invocations


You had 6 spell levels left.
You didn't know any spells.
Your spell library was empty.

Inventory:

Hand Weapons
 g - a +0 heavy orcbow (weapon)
Armour
 d - a +0 ring mail (worn)
 i - a +2 pair of gloves (worn)
Wands
 c - a wand of polymorph (8)
Scrolls
 e - a scroll of fear {unknown}
 l - 3 scrolls of teleportation
Potions
 a - 2 potions of mutation
 b - a potion of enlightenment
 f - 2 potions of curing
 j - 2 potions of brilliance {unknown}
 k - a potion of attraction {unknown}
 o - a potion of ambrosia {unknown}

Dungeon Overview and Level Annotations

Branches:
Dungeon (5/15)
 Temple: D:4-7

Altars:
Fedhas
Okawaru
Qazlal
Ru


Message History

You shoot an arrow. The arrow barely misses the ogre. x2
The ogre hits you with a +0 giant club!
4058 ||| READING 4 scrolls of teleportation.
As you read the scroll of teleportation, it crumbles to dust.
You feel strangely unstable.
You shoot an arrow. The arrow hits the ogre!!
The ogre is severely wounded.
The ogre closely misses you.
You shoot an arrow. The arrow barely misses the ogre.
The arrow hits the ogre!!
The ogre is almost dead.
Your surroundings suddenly seem different.
You start resting.
HP restored.
You open the door.
There is an open door here.
You open the door.
You see here a +0 pair of gloves.
You see here a +0 pair of gloves.
The ogre shouts!
Enter note:
Enter note:
Enter note:
Enter note:
Enter note:
Enter note:
Enter note:
Enter note: You shoot an arrow.
The arrow hits the ogre but does no damage.
The ogre is lightly wounded.
The ogre hits you with a +0 giant club!!
Ouch! That really hurt!
You shoot an arrow. The arrow hits the ogre.
The ogre is lightly wounded.
The ogre closely misses you.
You shoot an arrow. The arrow hits the ogre.
The ogre is moderately wounded.
The ogre hits you with a +0 giant club!!
Ouch! That really hurt!
You die...

#####.# #........# #
......############........#
#
.................+......>.#
#
......############........#
#
.....[############........#
#
...)............##........#
#####........##..#######'##
############.###.# #.#
#......# #.# #@#######'####
#.####.# #.# #.O..........#
#.####.# #.# ###%.........#
.......#####.# #..........#
### .............#
#..........# #..
......######## #..........#
#.# ........# #..........#
#.# ........# #..........#
#.# ........# #..........#
#.#


You could see an ogre.

Vanquished Creatures
  4 scorpions
  A bombardier beetle (D:4)
  5 hounds
  A sleepcap (D:5)
  A jelly (D:5)
  Natasha (thrice) (D:4)
  An orc wizard (D:4)
  4 gnolls (D:3)
  9 adders
  4 dart slugs
  3 ribbon worms
  2 orcs (D:4)
  10 ball pythons
  4 endoplasms
  A giant cockroach (D:2)
  4 goblins
  8 hobgoblins
  11 jackals
  6 bats
  2 frilled lizards
  9 kobolds
  5 rats
98 creatures vanquished.

Notes
Turn   | Place    | Note
-------+----------+-------------------------------------------
     0 | D:1      | qw the Deep Elf Hunter began the quest for the Orb.
     0 | D:1      | Reached XP level 1. HP: 12/12 MP: 3/3
     0 | D:1      | 0 ||| qw: Version: 0.3-a-155-g5e7d8dd
     0 | D:1      | 0 ||| qw: Game counter: 1415
     0 | D:1      | 0 ||| qw: Melee chars always use a shield: true
     0 | D:1      | 0 ||| qw: God list: Okawaru
     0 | D:1      | 0 ||| qw: Allow faded altars: false
     0 | D:1      | 0 ||| qw: Do Orc after clearing Dungeon:15 true
     0 | D:1      | 0 ||| qw: Do second Lair branch before Depths: true
     0 | D:1      | 0 ||| qw: Lair rune preference: random
     0 | D:1      | 0 ||| qw: Goals: Normal
     0 | D:1      | 0 ||| PLANNING D:1-11
   209 | D:1      | Reached skill level 6 in Ranged Weapons
   209 | D:1      | Reached XP level 2. HP: 16/16 MP: 4/4
   255 | D:1      | 255 ||| UPGRADING to +0 pair of gloves.
  1038 | D:1      | 1038 ||| DROPPING ring of magical power.
  1039 | D:1      | 1039 ||| READING 2 scrolls labelled WIPLIT RYFFO.
  1039 | D:1      | 1039 ||| ENCHANTING +0 pair of gloves.
  1040 | D:1      | 1040 ||| READING scroll of enchant armour.
  1040 | D:1      | 1040 ||| ENCHANTING +1 pair of gloves.
  1041 | D:1      | 1041 ||| READING 2 scrolls labelled BUGUBA HIUNAC.
  1042 | D:1      | 1042 ||| READING scroll labelled FOMUPAA USULAWIX.
  1045 | D:1      | 1045 ||| READING scroll labelled URA ONAJEI.
  1046 | D:1      | 1046 ||| DROPPING scroll of butterflies.
  1047 | D:1      | 1047 ||| DROPPING scroll of immolation.
  1131 | D:2      | Reached XP level 3. HP: 20/20 MP: 5/5
  1259 | D:2      | Reached skill level 7 in Ranged Weapons
  1571 | D:2      | 1571 ||| SWAPPING to +0 heavy orcbow.
  1572 | D:2      | 1572 ||| DROPPING +0 shortbow.
  1888 | D:2      | 1888 ||| UPGRADING to +0 ring mail.
  1898 | D:2      | 1898 ||| DROPPING +0 leather armour.
  1899 | D:2      | 1899 ||| READING 2 scrolls labelled YMNEBRYKIR.
  1899 | D:2      | 1899 ||| IDENTIFYING emerald potion
  1900 | D:2      | 1900 ||| READING scroll of identify.
  1900 | D:2      | 1900 ||| IDENTIFYING bubbling orange potion
  1970 | D:3      | Found a blossoming altar of Fedhas.
  2020 | D:3      | Reached XP level 4. HP: 25/25 MP: 6/6
  2043 | D:3      | Found an iron altar of Okawaru.
  2044 | D:3      | 2044 ||| PLANNING OKAWARU WORSHIP
  2044 | D:3      | 2044 ||| DRINKING 2 red potions.
  2048 | D:3      | Became a worshipper of Warmaster Okawaru
  2049 | D:3      | 2049 ||| PLANNING D:1-11
  2306 | D:3      | Reached skill level 8 in Ranged Weapons
  2339 | D:3      | Found a sacrificial altar of Ru.
  2363 | D:4      | 2363 ||| PLANNING SEWER
  2422 | D:4      | Reached XP level 5. HP: 29/29 MP: 7/7
  2491 | D:4      | Found a stormy altar of Qazlal.
  2615 | D:4      | Reached skill level 9 in Ranged Weapons
  2742 | D:4      | Noticed Natasha
  2744 | D:4      | Killed Natasha
  2745 | D:4      | Reached XP level 6. HP: 36/36 MP: 8/8
  2879 | D:4      | Reached * piety under Okawaru
  2929 | D:4      | 2929 ||| RIP SEWER
  3067 | D:4      | 3067 ||| PLANNING D:1-11
  3075 | D:4      | Noticed Natasha
  3079 | D:4      | Killed Natasha
  3080 | D:4      | Reached skill level 10 in Ranged Weapons
  3150 | D:4      | Reached skill level 1 in Invocations
  3352 | D:4      | Noticed Natasha
  3354 | D:4      | Killed Natasha
  3355 | D:4      | Reached skill level 3 in Dodging
  3447 | D:4      | Reached XP level 7. HP: 31/40 MP: 10/10
  3503 | D:4      | 3503 ||| READING 2 scrolls of identify.
  3503 | D:4      | 3503 ||| IDENTIFYING puce potion
  3504 | D:4      | 3504 ||| READING scroll of identify.
  3504 | D:4      | 3504 ||| IDENTIFYING murky puce potion
  3505 | D:4      | 3505 ||| READING scroll labelled ROVETUUXAQ.
  3606 | D:4      | 3606 ||| READING scroll labelled PAXTYGEDYU.
  3607 | D:4      | 3607 ||| DROPPING potion of degeneration.
  3608 | D:4      | 3608 ||| DROPPING potion of berserk rage.
  3654 | D:5      | Entered Level 5 of the Dungeon
  3655 | D:5      | 3655 ||| RETREEEEATING.
  3657 | D:5      | 3657 ||| RETREEEEATING.
  3658 | D:5      | 3658 ||| RETREEEEATING.
  3659 | D:5      | 3659 ||| RETREEEEATING.
  3660 | D:5      | 3660 ||| RETREEEEATING.
  3665 | D:5      | Reached skill level 1 in Armour
  3751 | D:5      | Reached ** piety under Okawaru
  3752 | D:5      | Reached skill level 3 in Invocations
  4057 | D:5      | HP: 6/40 [ogre/+0 giant club (13)]
  4058 | D:5      | 4058 ||| READING 4 scrolls of teleportation.
  4266 | D:5      | Mangled by an ogre

Levels and vault maps discovered:
D:1:      saegor_arrival_simple_c, layout_loops_corners,
          serial_co_window_serial, co_window_of_opportunity_a,
          co_window_paths_b, co_window_paths_a, co_window_corner_a,
          co_window_paths_a, co_window_broadway_b, co_window_paths_c,
          co_window_unsneaky_path_a, co_window_unsneaky_path_b,
          co_window_2corner, co_window_unsneaky_path_c, glass_columns_a,
          glass_columns_c, glass_columns_a, chequers_garden
D:2:      layout_basic, corexii_hall_statues_t, minmay_bisected
D:3:      layout_rooms, mainiacjoe_overflow_six_doors_small,
          lemuel_doored_altar, lemuel_coloured_pillars_altar
D:4:      layout_basic, grunt_qazlal_clouds, lightli_sewer_entry_pipes,
          dk_noncrumbling_2, uniq_natasha
D:5:      layout_basic, minivault_11, st_stairs_3, uniq_duvessa

Skill      XL: |  1  2  3  4  5  6  7 |
---------------+----------------------+-----
Ranged Weapons | 6 7 8 9 10 | 10.5
Fighting       | 2 |  2.5
Invocations    | 1 3 |  3.6
Dodging        | 3 |  3.0
Armour         | 1 |  1.1
Stealth        | |  1.2

Action                     |  1- 3 |  4- 6 |  7- 9 || total
---------------------------+-------+-------+-------++-------
   Fire: Shortbow          |   110 |       |       ||   110
         Orcbow            |     5 |    91 |    47 ||   143
    Use: Scroll            |     7 |       |     5 ||    12
         Potion            |       |     1 |       ||     1
 Armour: Leather armour    |     8 |       |       ||     8
         Ring mail         |       |    38 |    27 ||    65
  Dodge: Dodged            |    16 |    40 |    25 ||    81

Table legend:
 A = Non-vault XP
 B = Vault XP
 C = Vault XP percentage of total XP
 D = Non-vault monster count
 E = Vault monster count
 F = Vault count percentage of total count
                 A         B        C        D         E       F
            +---------+---------+-------+---------+---------+-------
      Total |    1047 |      91 |   8.0 |      91 |       7 |   7.1
            +---------+---------+-------+---------+---------+-------
        D:1 |      34 |       0 |   0.0 |      21 |       0 |   0.0
        D:2 |      55 |       2 |   3.5 |      20 |       1 |   4.8
        D:3 |      68 |       0 |   0.0 |      10 |       0 |   0.0
        D:4 |     498 |      89 |  15.2 |      28 |       6 |  17.6
        D:5 |     392 |       0 |   0.0 |      12 |       0 |   0.0
            +---------+---------+-------+---------+---------+-------
